[Event "Titled Tuesday Blitz May 30 Early 2023"]
[White "Cramling Bellon, Anna"]
[Black "Liu, Xiangyi"]
[WhiteFideId "32009232"]
[BlackFideId "8605718"]
[WhiteElo "1976"]
[BlackElo "2323"]
[Result "0-1"]
[Round "06"]
[TimeControl "180+2"]
[Date "2023.05.30"]
[WhiteClock "0:00:01"]
[BlackClock "0:00:39"]

1. d4 Nf6 2. c4 e6 3. Nc3 d5 4. cxd5 exd5 5. Bg5 Be7 6. e3 c6 7. Bd3 Nbd7 8. Nf3 h6 9. Bh4 O-O 10. Qc2 Re8 11. O-O b5 12. a4 b4 13. Ne2 Bb7 14. a5 a6 15. Bg3 c5 16. dxc5 Nxc5 17. Bf5 Bf8 18. Ned4 Nfe4 19. Bxe4 dxe4 20. Ne5 Qd5 21. Nc4 Qg5 22. Nb6 Rad8 23. h4 Qg4 24. Bc7 Qxh4 25. Bxd8 Rxd8 26. Nf5 Qg5 27. Ng3 h5 28. Rad1 Rd3 29. Nxe4 Bxe4 30. Rxd3 Qxg2# 0-1


[Site "https://www.chess.com"]

[Event "Titled Tuesday Blitz May 30 Early 2023"]
[White "Pinheiro, Iung Alicio de O."]
[Black "Fudalej, Michal"]
[WhiteFideId "2104350"]
[BlackFideId "1118781"]
[WhiteElo "2283"]
[BlackElo "2088"]
[Result "1-0"]
[Round "06"]
[TimeControl "180+2"]
[Date "2023.05.30"]
[WhiteClock "0:01:25"]
[BlackClock "0:00:25"]

1. d4 Nf6 2. c4 g6 3. Nc3 Bg7 4. e4 d6 5. Be2 O-O 6. Be3 e5 7. d5 a5 8. g4 Na6 9. g5 Ne8 10. h4 f5 11. gxf6 Bxf6 12. Qd2 Bxh4 13. Nf3 Bf6 14. Ng5 h5 15. O-O-O Ng7 16. Rdg1 Qe8 17. Rg2 a4 18. Rhg1 a3 19. b3 Nc5 20. Kb1 Kh8 21. Bxc5 dxc5 22. Ne6 Nxe6 23. Qh6+ Kg8 24. Rxg6+ Ng7 25. Rxg7+ Bxg7 26. Qxg7# 1-0


[Site "https://www.chess.com"]

[Event "Titled Tuesday Blitz May 30 Early 2023"]
[White "Clawitter, Craig"]
[Black "Do Nascimento,Christian Almeida"]
[WhiteFideId "2023105"]
[BlackFideId "2143801"]
[WhiteElo "2209"]
[BlackElo "2118"]
[Result "0-1"]
[Round "06"]
[TimeControl "180+2"]
[Date "2023.05.30"]
[WhiteClock "0:00:06"]
[BlackClock "0:01:34"]

1. e4 c5 2. Nf3 d6 3. d4 cxd4 4. Nxd4 Nf6 5. Nc3 g6 6. Be3 Bg7 7. f3 O-O 8. Qd2 Nc6 9. Bc4 Bd7 10. O-O-O Ne5 11. Bb3 Qa5 12. Kb1 Rfc8 13. h4 Rxc3 14. Qxc3 Qxc3 15. bxc3 Rc8 16. Ne2 a5 17. a4 b5 18. axb5 Bxb5 19. Nd4 Be8 20. Kb2 a4 21. Ba2 a3+ 22. Kc1 Rxc3 23. Rhe1 Ba4 24. Kb1 Nfd7 25. Bb3 Bxb3 26. Nxb3 a2+ 27. Kxa2 Rxc2+ 28. Kb1 Rxg2 29. Bd4 Nxf3 30. Bxg7 Nxe1 31. Bc3 Nf3 32. h5 gxh5 33. Rh1 Rg1+ 34. Rxg1+ Nxg1 35. Nd4 e6 36. Kc2 h4 37. Kd3 h3 38. Ne2 Nxe2 39. Kxe2 h2 0-1


[Site "https://www.chess.com"]

[Event "Titled Tuesday Blitz May 30 Early 2023"]
[White "ArrestingPieces"]
[Black "Larina, Maria"]
[BlackFideId "24113182"]
[WhiteElo "2519"]
[BlackElo "1848"]
[Result "1-0"]
[Round "06"]
[TimeControl "180+2"]
[Date "2023.05.30"]
[WhiteClock "0:00:29"]
[BlackClock "0:00:15"]

1. d4 f5 2. Nf3 Nf6 3. Bf4 d6 4. e3 g6 5. h4 Bg7 6. Be2 O-O 7. c4 Nc6 8. Nc3 h6 9. d5 Nb8 10. h5 g5 11. Bxg5 hxg5 12. h6 Bh8 13. Nxg5 Qe8 14. e4 Qg6 15. f4 fxe4 16. Qd2 Nh7 17. Bh5 Qf5 18. g3 Bf6 19. g4 Qd7 20. Nxh7 Kxh7 21. g5 Bh8 22. g6+ Kg8 23. g7 Bxg7 24. hxg7 Kxg7 25. Qg2+ Kf6 26. Qg6# 1-0


[Site "https://www.chess.com"]

[Event "Titled Tuesday Blitz May 30 Early 2023"]
[White "Jegorovas, Aleksandras"]
[Black "Borodavkin, Anatoly"]
[WhiteFideId "12801950"]
[BlackFideId "14150662"]
[WhiteElo "2247"]
[BlackElo "1991"]
[Result "1-0"]
[Round "06"]
[TimeControl "180+2"]
[Date "2023.05.30"]
[WhiteClock "0:01:44"]
[BlackClock "0:01:17"]

1. d4 d5 2. c4 Nc6 3. Nf3 Bg4 4. Nc3 e6 5. Bf4 Nf6 6. e3 Bd6 7. Bg3 O-O 8. Be2 h6 9. O-O Bxg3 10. hxg3 dxc4 11. Bxc4 Re8 12. Be2 Nd5 13. Rc1 Nce7 14. Ne4 c6 15. Nc5 Qb6 16. Ne5 Bxe2 17. Qxe2 a5 18. Qf3 Nf6 19. Ncd7 Nxd7 20. Qxf7+ Kh7 21. Nxd7 Qxb2 22. Nf6+ 1-0


[Site "https://www.chess.com"]

[Event "Titled Tuesday Blitz May 30 Early 2023"]
[White "Janaszak, Dawid"]
[Black "KSho99"]
[WhiteFideId "1119206"]
[WhiteElo "2220"]
[BlackElo "2180"]
[Result "1-0"]
[Round "06"]
[TimeControl "180+2"]
[Date "2023.05.30"]
[WhiteClock "0:02:38"]
[BlackClock "0:00:02"]

1. e4 e6 2. f4 d5 3. e5 c5 4. Nf3 Nc6 5. c3 Nh6 6. Bd3 Qb6 7. Bc2 Be7 8. O-O Nf5 9. Kh1 h5 10. Bxf5 exf5 11. d4 cxd4 12. cxd4 Be6 13. Nc3 g6 14. Be3 Qxb2 15. Na4 Qa3 16. Bg1 b6 17. Ng5 Bxg5 18. fxg5 Qe7 19. Rc1 Na5 20. Be3 Nc4 21. Bf4 O-O 22. Nc3 Rfd8 23. h3 Rac8 24. Nb5 a6 25. Nd6 Nxd6 26. exd6 Qd7 27. Rc7 Rxc7 28. dxc7 Rc8 29. Qc1 Qa4 30. Re1 Qxa2 31. Rxe6 fxe6 32. Qc6 Qc4 33. Qxe6+ Kg7 34. Be5+ Kh7 35. Qf7# 1-0


[Site "https://www.chess.com"]

[Event "Titled Tuesday Blitz May 30 Early 2023"]
[White "Mayeregger, Arnold"]
[Black "Tarnowska, Aleksandra"]
[WhiteFideId "3705226"]
[BlackFideId "1180967"]
[WhiteElo "2038"]
[BlackElo "1776"]
[Result "1-0"]
[Round "06"]
[TimeControl "180+2"]
[Date "2023.05.30"]
[WhiteClock "0:01:11"]
[BlackClock "0:00:00"]

1. c4 e5 2. Nc3 Nf6 3. g3 Bb4 4. Bg2 O-O 5. e4 d6 6. Nge2 Nc6 7. h3 Be6 8. d3 Nd4 9. O-O Bc5 10. Kh2 Qd7 11. f4 exf4 12. gxf4 Qe7 13. f5 Bd7 14. Bg5 h6 15. Bxf6 Qxf6 16. Nd5 Qe5+ 17. Kh1 c6 18. Ndf4 Nxe2 19. Qxe2 Bd4 20. Nh5 d5 21. f6 g6 22. Nf4 dxc4 23. dxc4 Qxf6 24. Rad1 Be5 25. Nd3 Qh4 26. Nxe5 Bxh3 27. Bxh3 Qxh3+ 28. Qh2 Qe6 29. Ng4 Qxe4+ 30. Qg2 Qe6 31. Nxh6+ Kg7 32. Nf5+ Kh7 33. Rde1 Qxc4 34. Re4 1-0


[Site "https://www.chess.com"]

[Event "Titled Tuesday Blitz May 30 Early 2023"]
[White "Sharan, Rao"]
[Black "Brown, Raehanna"]
[WhiteFideId "5073464"]
[BlackFideId "7402740"]
[WhiteElo "2231"]
[BlackElo "1655"]
[Result "1-0"]
[Round "06"]
[TimeControl "180+2"]
[Date "2023.05.30"]
[WhiteClock "0:00:05"]
[BlackClock "0:00:16"]

1. d4 Nf6 2. Nc3 d5 3. Bf4 c6 4. e3 e6 5. f3 Bd6 6. Bxd6 Qxd6 7. Nge2 O-O 8. Qd3 b6 9. g4 Ba6 10. Qd2 Nbd7 11. O-O-O Rab8 12. h4 c5 13. h5 b5 14. g5 b4 15. Na4 Ne8 16. dxc5 Nxc5 17. Nxc5 Qxc5 18. Nd4 Bxf1 19. Rdxf1 Nd6 20. g6 Nc4 21. gxh7+ Kh8 22. Qd3 Rfc8 23. h6 g6 24. Rfg1 e5 25. Rxg6 fxg6 26. Qxg6 Qe7 27. Nf5 Qxh7 28. Qf6+ Kg8 29. Rg1+ Qg7 30. Qxg7# 1-0


[Site "https://www.chess.com"]

[Event "Titled Tuesday Blitz May 30 Early 2023"]
[White "Herman, Daniel"]
[Black "zano2023"]
[WhiteFideId "30935008"]
[WhiteElo "1897"]
[BlackElo "2160"]
[Result "1-0"]
[Round "06"]
[TimeControl "180+2"]
[Date "2023.05.30"]
[WhiteClock "0:00:15"]
[BlackClock "0:00:10"]

1. d4 e5 2. dxe5 d6 3. Nf3 Bg4 4. Bg5 Qd7 5. Nc3 Nc6 6. e4 Nxe5 7. Nxe5 dxe5 8. Be2 Qxd1+ 9. Rxd1 Bxe2 10. Kxe2 c6 11. Rd3 f6 12. Be3 Bb4 13. Rhd1 Ne7 14. Rd7 b6 15. Rb7 O-O 16. Rdd7 Rf7 17. Rxa7 Rxa7 18. Rxa7 Bxc3 19. bxc3 c5 20. a4 Nc6 21. Ra8+ Rf8 22. Rxf8+ Kxf8 23. Kd3 Na5 24. c4 Ke7 25. Bd2 Nc6 26. Bc3 Kd6 27. g3 g6 28. f4 Ke6 29. Ke3 f5 30. h3 h6 31. exf5+ gxf5 32. g4 exf4+ 33. Kxf4 fxg4 34. Kxg4 Ne5+ 35. Bxe5 Kxe5 36. Kh5 Kd4 37. Kxh6 Kxc4 38. Kg7 Kc3 39. h4 Kxc2 40. h5 Kb3 41. h6 c4 42. h7 c3 43. h8=Q c2 44. Qh1 Kb2 45. Qg2 Kb3 46. Qf1 Kb2 47. Qe2 Kc3 48. Qe1+ Kd3 49. Qc1 Kc3 50. Kf6 Kb3 51. Ke5 Kxa4 52. Qxc2+ 1-0


[Site "https://www.chess.com"]

[Event "Titled Tuesday Blitz May 30 Early 2023"]
[White "Andreev, Konstantin"]
[Black "Guevara Sanchez, Erick Marvin"]
[WhiteFideId "24239305"]
[BlackFideId "6700136"]
[WhiteElo "2106"]
[BlackElo "2040"]
[Result "1-0"]
[Round "06"]
[TimeControl "180+2"]
[Date "2023.05.30"]
[WhiteClock "0:00:08"]
[BlackClock "0:00:03"]

1. e4 c5 2. Nf3 Nc6 3. Nc3 Nf6 4. d4 cxd4 5. Nxd4 e5 6. Ndb5 d6 7. Bg5 a6 8. Na3 b5 9. Nd5 Be7 10. Bxf6 Bxf6 11. c3 Bg5 12. Nc2 O-O 13. h4 Bh6 14. g3 Ne7 15. Nce3 Bxe3 16. Nxe3 Bb7 17. Bg2 f5 18. Nd5 f4 19. Qg4 Nxd5 20. exd5 f3 21. Bxf3 Qf6 22. Ke2 e4 23. Bxe4 Rae8 24. f3 Bxd5 25. Kd3 Rxe4 26. fxe4 Bc4+ 27. Kd2 Qf2+ 28. Kc1 Qe3+ 29. Kd1 Qd3+ 30. Kc1 Rf1+ 31. Rxf1 Qxf1+ 32. Qd1 Qf2 33. b3 Qe3+ 34. Qd2 Qg1+ 35. Kb2 Qxg3 36. bxc4 bxc4 37. Qd5+ Kf8 38. Rd1 Ke7 39. e5 Qf2+ 40. Rd2 Qb6+ 41. Kc2 dxe5 42. Qd7+ Kf8 43. Qd8+ Kf7 44. Qxb6 1-0


[Site "https://www.chess.com"]

[Event "Titled Tuesday Blitz May 30 Early 2023"]
[White "Gurevich, Dmitry"]
[Black "Horokoskii"]
[WhiteFideId "2000407"]
[WhiteElo "2506"]
[BlackElo "2117"]
[Result "1-0"]
[Round "06"]
[TimeControl "180+2"]
[Date "2023.05.30"]
[WhiteClock "0:00:52"]
[BlackClock "0:00:00"]

1. d4 Nf6 2. c4 c5 3. Nf3 g6 4. Nc3 cxd4 5. Nxd4 Bg7 6. e4 d6 7. Be2 O-O 8. Be3 Nc6 9. Nc2 a6 10. O-O b6 11. Rc1 Bb7 12. f3 Rc8 13. Qd2 Ne5 14. b3 h5 15. Rfd1 Qc7 16. Nb4 Rfd8 17. Bf1 a5 18. Nb5 Qb8 19. Nd5 Bxd5 20. cxd5 Rxc1 21. Rxc1 Ned7 22. Nd4 Nc5 23. Nc6 Qc7 24. b4 axb4 25. Nxd8 Qxd8 26. Qxb4 Nfd7 27. h3 Qa8 28. a3 Qa7 29. Rd1 Be5 30. Bb5 Nf6 31. Rb1 Nfd7 32. a4 f5 33. exf5 gxf5 34. Qh4 f4 35. Bxf4 Bxf4 36. Qxf4 Nf6 37. Qf5 Qa5 38. Qc2 Kg7 39. Qb2 Qa8 40. Re1 Qxd5 41. Rxe7+ Kg6 42. Qc2+ Kh6 43. Re2 Qg5 44. Qd2 1-0


[Site "https://www.chess.com"]

[Event "Titled Tuesday Blitz May 30 Early 2023"]
[White "Blackwhite017"]
[Black "Gulkov, Igor A."]
[BlackFideId "4120973"]
[WhiteElo "2103"]
[BlackElo "2343"]
[Result "1-0"]
[Round "06"]
[TimeControl "180+2"]
[Date "2023.05.30"]
[WhiteClock "0:00:14"]
[BlackClock "0:01:07"]

1. e4 c5 2. Nf3 d6 3. d4 cxd4 4. Nxd4 Nf6 5. Nc3 a6 6. Bg5 e6 7. f4 Be7 8. Qf3 Qc7 9. O-O-O Nbd7 10. g4 b5 11. Bxf6 Nxf6 12. g5 Nd7 13. f5 Nc5 14. f6 gxf6 15. gxf6 Bf8 16. a3 Rb8 17. Bh3 b4 18. Nd5 exd5 19. exd5 Bxh3 20. Qxh3 Qd7 21. Qe3+ Kd8 22. Nc6+ Kc7 23. Nxb8 Kxb8 24. axb4 h5 25. Kb1 Nb7 26. Rhe1 Nd8 27. Qb6+ Nb7 28. Rd2 Rh6 29. Rde2 1-0


[Site "https://www.chess.com"]

[Event "Titled Tuesday Blitz May 30 Early 2023"]
[White "Barbot, Pierre"]
[Black "Dominguez Rincon, Miller Duvan"]
[WhiteFideId "663727"]
[BlackFideId "4406583"]
[WhiteElo "2431"]
[BlackElo "2013"]
[Result "1-0"]
[Round "06"]
[TimeControl "180+2"]
[Date "2023.05.30"]
[WhiteClock "0:00:01"]
[BlackClock "0:00:00"]

1. d4 d5 2. Nf3 Nf6 3. Bf4 e6 4. e3 c5 5. Nbd2 Bd6 6. c3 Nc6 7. Bd3 O-O 8. O-O Bxf4 9. exf4 Qd6 10. g3 cxd4 11. cxd4 Bd7 12. Re1 Rfc8 13. Nf1 Qb4 14. Ne3 Na5 15. Qe2 a6 16. a3 Qd6 17. b4 Nc6 18. Rac1 Na7 19. Ne5 Bb5 20. f5 Bxd3 21. Qxd3 Rxc1 22. Rxc1 Rc8 23. Re1 Nb5 24. fxe6 fxe6 25. N3g4 Ne4 26. f3 Rc3 27. Qd1 Nf6 28. Nxf6+ gxf6 29. Ng4 Kf7 30. Qd2 Qb6 31. Rd1 Rxf3 32. Qh6 Nxd4 33. Qxh7+ Ke8 34. Qg8+ Kd7 35. Qf7+ Kd6 36. Qf8+ Kd7 37. Qf7+ Kc8 38. Qe8+ Kc7 39. Qe7+ Kc6 40. Qe8+ Kd6 41. Qf8+ Kc7 42. Qe7+ Kb8 43. Qe8+ Ka7 44. Kh1 Nc6 45. Qxe6 Rxa3 46. Qxd5 Qxb4 47. Nxf6 Qb3 48. Qc5+ 1-0


[Site "https://www.chess.com"]

[Event "Titled Tuesday Blitz May 30 Early 2023"]
[White "Brod, Manfred"]
[Black "Koridze, Lile"]
[WhiteFideId "1602110"]
[BlackFideId "13612514"]
[WhiteElo "2152"]
[BlackElo "2047"]
[Result "1-0"]
[Round "06"]
[TimeControl "180+2"]
[Date "2023.05.30"]
[WhiteClock "0:01:49"]
[BlackClock "0:01:55"]

1. e4 c5 2. Nf3 d6 3. d4 cxd4 4. Nxd4 Nf6 5. Nc3 a6 6. Be2 e5 7. Nb3 Be7 8. Be3 O-O 9. g4 b5 10. g5 Ne8 11. h4 Bb7 12. Nd5 Nd7 13. Qd2 Nc5 14. Nxc5 dxc5 15. O-O-O Bd6 16. Rdg1 Rb8 17. h5 Nc7 18. Nf6+ gxf6 19. gxf6+ Kh8 20. Bh6 Qxf6 21. Bg7+ Qxg7 22. Rxg7 Kxg7 23. Qg5+ Kh8 24. Qf6+ 1-0


[Site "https://www.chess.com"]

[Event "Titled Tuesday Blitz May 30 Early 2023"]
[White "Martin Alvarez, Inigo"]
[Black "Joubert, Dantelle"]
[WhiteFideId "2259354"]
[BlackFideId "14310813"]
[WhiteElo "2354"]
[BlackElo "1507"]
[Result "1-0"]
[Round "06"]
[TimeControl "180+2"]
[Date "2023.05.30"]
[WhiteClock "0:02:26"]
[BlackClock "0:01:49"]

1. e4 c5 2. Nc3 g6 3. d3 Bg7 4. Be3 d6 5. g3 Nc6 6. Bg2 e6 7. Nge2 Nge7 8. O-O O-O 9. f4 b6 10. Qd2 d5 11. exd5 exd5 12. d4 c4 13. h3 f5 14. Kh2 Be6 15. Ng1 Nc8 16. Nf3 Nd6 17. Ng5 Qd7 18. Nxe6 1-0


[Site "https://www.chess.com"]

[Event "Titled Tuesday Blitz May 30 Early 2023"]
[White "Maluco_do_Natal_00"]
[Black "Kohler, Aran"]
[BlackFideId "1002856"]
[WhiteElo "2031"]
[BlackElo "2349"]
[Result "1-0"]
[Round "06"]
[TimeControl "180+2"]
[Date "2023.05.30"]
[WhiteClock "0:00:05"]
[BlackClock "0:00:00"]

1. e4 c6 2. d4 d5 3. Nc3 dxe4 4. Nxe4 Bf5 5. Ng3 Bg6 6. h4 h6 7. h5 Bh7 8. Nf3 Nd7 9. Bd3 Ngf6 10. Bxh7 Nxh7 11. Qe2 e6 12. Bd2 a5 13. O-O-O a4 14. a3 Be7 15. Ne5 O-O 16. Ne4 Nxe5 17. dxe5 Qd5 18. Bxh6 Qxe5 19. Bd2 f5 20. Nc3 Qxe2 21. Nxe2 e5 22. Bc3 Bf6 23. Ng3 e4 24. Kb1 Bxc3 25. bxc3 Ra5 26. Rd7 Rb5+ 27. Kc1 Rf7 28. Rhd1 Nf8 29. Rd8 Kh7 30. Ne2 f4 31. R1d4 f3 32. gxf3 exf3 33. Nf4 Re7 34. Rxf8 Re1+ 35. Kd2 Rbb1 36. c4 Rbd1+ 37. Kc3 Rxd4 38. Kxd4 Ra1 39. Ng6 Kh6 40. Rh8+ Kg5 41. Ne5 Rxa3 42. Rh7 Kf6 43. Ng4+ Kf7 44. h6 Kg8 45. Rxg7+ Kf8 46. Nf6 Ra1 47. Rg8+ Kf7 48. h7 Rd1+ 49. Kc3 Rh1 50. h8=Q Rxh8 51. Rxh8 Kxf6 52. Ra8 b5 53. cxb5 cxb5 54. Rb8 Ke5 55. Rxb5+ Ke4 56. Ra5 1-0


[Site "https://www.chess.com"]

[Event "Titled Tuesday Blitz May 30 Early 2023"]
[White "Sarkar, Justin"]
[Black "Osiecki, Stanislaw"]
[WhiteFideId "2010011"]
[BlackFideId "1102990"]
[WhiteElo "2168"]
[BlackElo "2088"]
[Result "1-0"]
[Round "06"]
[TimeControl "180+2"]
[Date "2023.05.30"]
[WhiteClock "0:00:46"]
[BlackClock "0:00:01"]

1. d4 Nf6 2. c4 g6 3. Nc3 Bg7 4. e4 d6 5. f3 O-O 6. Nge2 e5 7. d5 a5 8. Be3 Na6 9. Qd2 Ne8 10. g4 b6 11. h4 f5 12. gxf5 gxf5 13. exf5 Bxf5 14. Ng3 Nc5 15. Nxf5 Rxf5 16. Be2 Kh8 17. O-O-O Nf6 18. Rdg1 Nh5 19. Rg5 Qd7 20. Bxc5 bxc5 21. Bd3 Rxg5 22. hxg5 Qf7 23. Kc2 Qxf3 24. Qh2 Rf8 25. Qxh5 Qxh5 26. Rxh5 Rf2+ 27. Kb3 Rf3 28. Bxh7 e4 29. Bxe4+ 1-0


[Site "https://www.chess.com"]

[Event "Titled Tuesday Blitz May 30 Early 2023"]
[White "Ziatdinov, Raset"]
[Black "Lohani, Sujana"]
[WhiteFideId "2015323"]
[BlackFideId "12311987"]
[WhiteElo "2220"]
[BlackElo "1718"]
[Result "0-1"]
[Round "06"]
[TimeControl "180+2"]
[Date "2023.05.30"]
[WhiteClock "0:01:13"]
[BlackClock "0:00:34"]

1. e4 g6 2. d4 Bg7 3. Be3 d6 4. Qd2 c6 5. Nc3 b5 6. a3 a5 7. Nge2 Bb7 8. f3 Nd7 9. g4 b4 10. axb4 axb4 11. Na4 c5 12. b3 cxd4 13. Bxd4 Ngf6 14. Ng3 O-O 15. h4 Ne5 16. Be2 Nexg4 17. fxg4 Nxe4 18. Nxe4 Bxe4 19. Bxg7 Bxh1 20. Bxf8 Qxf8 21. O-O-O Bc6 22. Qxb4 Bxa4 23. bxa4 Qg7 24. Qd4 Qh6+ 25. g5 Qf8 26. Bc4 e6 27. Qxd6 Qc8 28. Bb3 Qc3 29. Qd4 Qh3 30. Qc3 Qxc3 0-1


[Site "https://www.chess.com"]

[Event "Titled Tuesday Blitz May 30 Early 2023"]
[White "Ardila, Oscar Humberto"]
[Black "February, Jesse Nikki"]
[WhiteFideId "4404742"]
[BlackFideId "14312336"]
[WhiteElo "1918"]
[BlackElo "1824"]
[Result "1-0"]
[Round "06"]
[TimeControl "180+2"]
[Date "2023.05.30"]
[WhiteClock "0:00:24"]
[BlackClock "0:00:08"]

1. d4 Nf6 2. c4 e6 3. Nc3 d5 4. Bg5 Be7 5. e3 O-O 6. Nf3 h6 7. Bh4 Ne4 8. Bxe7 Qxe7 9. Nxe4 dxe4 10. Nd2 e5 11. d5 f5 12. Qc2 b6 13. O-O-O Bb7 14. f3 exf3 15. gxf3 Nd7 16. Bh3 f4 17. Be6+ Kh8 18. exf4 Rxf4 19. Rde1 Nc5 20. Rxe5 Raf8 21. Rhe1 Qh4 22. Bg4 Qxh2 23. R5e2 Qh4 24. Re8 Qf2 25. b4 Na6 26. R1e2 Qd4 27. R8e4 Qa1+ 28. Qb1 Qxb1+ 29. Kxb1 Nxb4 30. Rxf4 Rxf4 31. Bh5 Rf8 32. Bg6 Bc8 33. a3 Na6 34. Re7 Bf5+ 35. Bxf5 Rxf5 36. Kc2 Kg8 37. Kc3 Rf7 38. Re8+ Rf8 39. Re7 Rf7 40. Re8+ Rf8 41. Re1 h5 42. a4 Nc5 43. a5 Kf7 44. axb6 axb6 45. Rh1 g6 46. Kd4 Re8 47. Rh2 Re1 48. Ne4 Rd1+ 49. Ke3 Nxe4 50. fxe4 Kf6 51. Rf2+ Kg5 52. e5 Re1+ 53. Kd4 Rd1+ 54. Ke4 Re1+ 55. Kd4 Rd1+ 56. Ke3 h4 57. e6 Re1+ 58. Kf3 Kh5 59. Kg2 g5 60. Rf7 g4 61. Rxc7 Re2+ 62. Kf1 Re3 63. e7 g3 64. d6 h3 65. Rc8 g2+ 66. Kf2 Re6 67. e8=Q+ Rxe8 68. Rxe8 Kg4 69. Rg8+ Kf5 70. d7 1-0


[Site "https://www.chess.com"]

[Event "Titled Tuesday Blitz May 30 Early 2023"]
[White "Sanchez, Robert"]
[Black "Zaichenko, Daria"]
[WhiteFideId "2034360"]
[BlackFideId "4197453"]
[WhiteElo "1825"]
[BlackElo "2039"]
[Result "0-1"]
[Round "06"]
[TimeControl "180+2"]
[Date "2023.05.30"]
[WhiteClock "0:00:49"]
[BlackClock "0:00:20"]

1. Nf3 d5 2. c4 e6 3. e3 Nf6 4. Nc3 c5 5. d4 Nc6 6. dxc5 Bxc5 7. Bd3 O-O 8. O-O a6 9. Qe2 dxc4 10. Bxc4 b5 11. Bb3 Bb7 12. Rd1 Qb6 13. h3 Rfd8 14. e4 Nd4 15. Nxd4 Bxd4 16. e5 Nd7 17. Bg5 Rdc8 18. Rxd4 Qxd4 19. Rd1 Qxe5 20. Rxd7 Qxg5 21. Rxb7 Qf4 22. Rxf7 Kxf7 23. Qxe6+ Kf8 24. Qg8+ Ke7 25. Qxg7+ Kd6 26. Qxh7 Re8 27. Qd3+ Kc6 28. Bd5+ Kb6 29. g3 Qd6 30. Qd4+ Qc5 31. Qf6+ Ka5 32. Bxa8 Rxa8 33. a3 Qc4 0-1


[Site "https://www.chess.com"]

[Event "Titled Tuesday Blitz May 30 Early 2023"]
[White "salgadoLO"]
[Black "Omariev, Maksim"]
[BlackFideId "4193423"]
[WhiteElo "2191"]
[BlackElo "2457"]
[Result "0-1"]
[Round "06"]
[TimeControl "180+2"]
[Date "2023.05.30"]
[WhiteClock "0:00:00"]
[BlackClock "0:00:38"]

1. d4 g6 2. e4 Bg7 3. Nc3 d6 4. f4 c5 5. Nf3 cxd4 6. Nxd4 Nc6 7. Nxc6 bxc6 8. Bd3 Nf6 9. O-O O-O 10. Qe1 Rb8 11. Kh1 a5 12. e5 Nd5 13. Nxd5 cxd5 14. b3 dxe5 15. fxe5 a4 16. Bb2 Be6 17. Bd4 Qc7 18. Qe3 Rfc8 19. Rae1 Qd7 20. h3 h5 21. Kh2 Kh7 22. Qg5 Kg8 23. Qe3 Qe8 24. Qf4 axb3 25. axb3 Rb4 26. Qe3 Bd7 27. Ra1 e6 28. Ra7 Rbb8 29. g4 hxg4 30. hxg4 Ra8 31. Rfa1 Rxa7 32. Rxa7 Ra8 33. Bc3 Bc6 34. Rxa8 Qxa8 35. Qd4 Qa3 36. Bb4 Qc1 37. Bc3 Qg5 38. Kg3 Be8 39. Qf4 Qd8 40. Qf3 d4 0-1


[Site "https://www.chess.com"]

[Event "Titled Tuesday Blitz May 30 Early 2023"]
[White "Acikel, Mert"]
[Black "Levitan, Caleb Levi"]
[WhiteFideId "12956465"]
[BlackFideId "14332620"]
[WhiteElo "2097"]
[BlackElo "1963"]
[Result "1-0"]
[Round "06"]
[TimeControl "180+2"]
[Date "2023.05.30"]
[WhiteClock "0:00:21"]
[BlackClock "0:00:03"]

1. e4 e5 2. Nf3 Nc6 3. Bc4 Bc5 4. c3 Nf6 5. d4 exd4 6. e5 d5 7. Bb5 Ne4 8. cxd4 Bb6 9. Nc3 Nxc3 10. bxc3 O-O 11. O-O Bf5 12. Bd3 Qd7 13. h3 h6 14. Qc2 Bxd3 15. Qxd3 Ne7 16. Nh4 c5 17. a4 cxd4 18. cxd4 a6 19. Ba3 Rfc8 20. Bxe7 Qxe7 21. Nf5 Qd7 22. a5 Bc7 23. Rfb1 Rab8 24. Ne3 Bd8 25. Qb3 b5 26. axb6 Bxb6 27. Qxd5 Qxd5 28. Nxd5 Bxd4 29. Ne7+ Kf8 30. Nxc8 Rxc8 31. Ra5 Bc3 32. Rc1 Bxa5 33. Rxc8+ Ke7 34. Ra8 Bc3 35. Rxa6 Bxe5 36. Kf1 g6 37. Ke2 h5 38. Ke3 Kf8 39. Ke4 Bc7 40. f4 Kg7 41. Rc6 Bd8 42. Kd5 Be7 43. Ke5 Bd8 44. g3 Be7 45. g4 hxg4 46. hxg4 Ba3 47. Rb6 Bc5 48. Rb7 Ba3 49. f5 gxf5 50. gxf5 Bc1 51. f6+ Kg6 52. Rb8 Be3 53. Rg8+ Kh6 54. Rg7 Bg5 55. Rxf7 Kg6 56. Rg7+ Kh6 57. Rxg5 Kh7 58. f7 Kh6 59. Kf6 Kh7 60. Rh5# 1-0


[Site "https://www.chess.com"]

[Event "Titled Tuesday Blitz May 30 Early 2023"]
[White "Floresvillar Gonzalez, Luis Migu"]
[Black "Guz, Ari"]
[WhiteFideId "5100542"]
[BlackFideId "2825759"]
[WhiteElo "2040"]
[BlackElo "2205"]
[Result "0-1"]
[Round "06"]
[TimeControl "180+2"]
[Date "2023.05.30"]
[WhiteClock "0:00:00"]
[BlackClock "0:01:16"]

1. e4 a5 2. d4 a4 3. a3 d5 4. exd5 Qxd5 5. Nf3 Nf6 6. c4 Qd8 7. Nc3 Bd7 8. Bd3 e6 9. O-O Nc6 10. Qe2 Bd6 11. d5 Ne7 12. Bg5 O-O 13. Bxf6 gxf6 14. Qe4 Ng6 15. Rae1 f5 16. Qd4 b6 17. Bc2 Bc5 18. Qd2 Bd6 19. Qh6 Qf6 20. g3 Qg7 21. Qxg7+ Kxg7 22. Re2 e5 23. Rfe1 e4 24. Nd4 Bc5 25. Ncb5 Ne5 26. Nxf5+ Bxf5 27. Bxe4 Bxe4 28. Rxe4 Nf3+ 29. Kg2 Nxe1+ 30. Rxe1 Rae8 31. Rd1 Re2 32. Nxc7 Rxf2+ 33. Kh3 Rxb2 34. d6 Rd8 35. d7 Re2 0-1


[Site "https://www.chess.com"]

[Event "Titled Tuesday Blitz May 30 Early 2023"]
[White "Ciuffoletti, Paolo"]
[Black "Parpiev, Isaak"]
[WhiteFideId "807630"]
[BlackFideId "34281576"]
[WhiteElo "2143"]
[BlackElo "2115"]
[Result "0-1"]
[Round "06"]
[TimeControl "180+2"]
[Date "2023.05.30"]
[WhiteClock "0:00:00"]
[BlackClock "0:00:10"]

1. e4 c6 2. d4 d5 3. exd5 cxd5 4. c4 Nf6 5. Nc3 e6 6. Nf3 Nc6 7. cxd5 Nxd5 8. Bd3 Bb4 9. O-O Nxc3 10. bxc3 Bxc3 11. Rb1 h6 12. Ba3 a5 13. Bb5 Bb4 14. Qa4 Bd7 15. d5 exd5 16. Bxb4 axb4 17. Rfe1+ Kf8 18. Qc2 Qf6 19. Rbd1 Qc3 20. Qb1 Be6 21. Bxc6 bxc6 22. Rc1 Qa3 23. Rxc6 Qxa2 24. Qxb4+ Kg8 25. h3 Kh7 26. Rc7 Rhb8 27. Qd4 Qb2 28. Qd3+ Kg8 29. Ne5 Ra1 30. Qe3 Rxe1+ 31. Qxe1 d4 32. Kh2 Qa3 33. Qe4 Qd6 34. Rc6 Qb4 35. Rc7 Qb6 36. Rc6 Qa7 37. Qd3 Rf8 38. Rd6 Qb8 39. Qxd4 Re8 40. Nd7 Bxd7 0-1


[Site "https://www.chess.com"]

[Event "Titled Tuesday Blitz May 30 Early 2023"]
[White "Avazkhonov, Alikhon"]
[Black "Kiseljova, Marya"]
[WhiteFideId "14208504"]
[BlackFideId "4155009"]
[WhiteElo "1739"]
[BlackElo "1831"]
[Result "1-0"]
[Round "06"]
[TimeControl "180+2"]
[Date "2023.05.30"]
[WhiteClock "0:02:02"]
[BlackClock "0:00:03"]

1. d4 Nf6 2. c4 e6 3. Nc3 Bb4 4. e3 O-O 5. Bd2 Re8 6. Nf3 d6 7. Bd3 e5 8. Be2 Qe7 9. a3 Bxc3 10. Bxc3 Bg4 11. O-O exd4 12. Qxd4 Nc6 13. Qf4 Bxf3 14. Bxf3 Ne5 15. Bxb7 Rab8 16. Bf3 Nd3 17. Qd4 Ne5 18. Be2 c5 19. Qd1 Ne4 20. Qc2 Nxc3 21. Qxc3 Qb7 22. Rab1 Re6 23. b4 Rg6 24. f3 Qc6 25. bxc5 Rxb1 26. Rxb1 h5 27. cxd6 Nxf3+ 28. Bxf3 Qxf3 29. Qd2 Qc6 30. d7 Rd6 31. d8=Q+ Kh7 32. Q8xd6 1-0


[Site "https://www.chess.com"]